 Dungeon Crawl Stone Soup version 0.26.1-10-gdfb7c7de75 (webtiles) character file.

Game seed: 6904869527055609248

70 oldmanjim the Ruffian (level 4, -3/35 HPs)
             Began as a Draconian Transmuter on Mar 31, 2021.
             Slain by a sky beast (6 damage)
             ... on level 2 of the Dungeon.
             The game lasted 00:07:23 (2012 turns).

oldmanjim the Ruffian (Draconian Transmuter)        Turns: 2012, Time: 00:07:24

Health: -3/35      AC:  5    Str: 13    XL:     4   Next: 4%
Magic:  7/7        EV: 12    Int: 14    God:
Gold:   51         SH:  0    Dex: 11    Spells: 6/7 levels left

rFire    . . .     SeeInvis .     - Unarmed
rCold    . . .     Faith    .   (no shield)
rNeg     . . .     Spirit   .   (armour unavailable)
rPois    .         Reflect  .   (helmet restricted)
rElec    .         Harm     .   (no cloak)
rCorr    .         Rampage  .   (no gloves)
Will     .....                  (no boots)
Stlth    +.........             (no amulet)
HPRegen  0.11/turn              (no ring)
MPRegen  0.10/turn              (no ring)

@: no status effects
A: unfitting armour, cold-blooded, AC +5
a: no special abilities


You were on level 2 of the Dungeon.
You visited 1 branch of the dungeon, and saw 3 of its levels.

You collected 51 gold pieces.

Inventory:

Missiles
 c - 157 stones
 f - 2 poisoned darts (quivered)
Scrolls
 d - 2 scrolls of teleportation {unknown}
 e - 2 scrolls of identify {unknown}
 g - a scroll of magic mapping {unknown}
Potions
 a - a potion of mutation {unknown}
 b - a potion of lignification {unknown}
 h - a potion of cancellation {unknown}
 i - 2 potions of resistance {unknown}
 j - a potion of curing {unknown}


   Skills:
 + Level 1.1 Fighting
 + Level 0.2 Throwing
 - Level 1.7 Dodging
 + Level 4.4 Unarmed Combat
 + Level 2.4 Spellcasting
 + Level 2.2 Transmutations


You had 6 spell levels left.
You knew the following spells:

 Your Spells              Type           Power        Failure   Level
a - Beastly Appendage     Tmut           14%          10%         1

Your spell library contained the following spells:

 Spells                   Type           Power        Failure   Level
 Wereblood                Tmut           7%           14%         2
 Spider Form              Tmut/Pois      2%           41%         3
 Ice Form                 Ice/Tmut       4%           82%         4
 Blade Hands              Tmut           3%           95%         5


Dungeon Overview and Level Annotations

Branches:
Dungeon (3/15)

Altars:
Cheibriados

Annotations:
D:3 Grinder, Natasha, Sigmund


Innate Abilities, Weirdness & Mutations

Your plain brown scales are hard. (AC +5)
You cannot fit into any form of body armour.
You are cold-blooded and may be slowed by cold attacks.


Message History

You closely miss the sky beast.
The sky beast is severely wounded.
The sky beast flickers out of sight!
Deactivating autopickup; reactivate with Ctrl-A.
Something hits you. Something shocks you.
You closely miss something.
Your tail-slap misses something.
Something hits you.
* * * LOW HITPOINT WARNING * * *
Something shocks you.
* * * LOW HITPOINT WARNING * * *
You miss something.
Your tail-slap misses something.
A sky beast appears from thin air!
Reactivating autopickup.
The sky beast closely misses you.
You closely miss the sky beast. You tail-slap the sky beast.
The sky beast is almost dead.
The sky beast hits you.
* * * LOW HITPOINT WARNING * * *
The sky beast shocks you.
You die...

....###.# ##...######
.##..##.# ###..[#####
####.#..# ###.....##
#...## ##.....## ##..#
#.......# ##.# #.......#
#.# #.†.....# #.#
########.....##
####.####....Y@......##
##.....>..>#####.......#
##....####.## #.......#
...#.## #.### #...)...#
####.# #...## ##.....##
.....# ###..# ##...##
.##..### ##.# #####
..#...÷## #.#
#.##.#..#####.####


You could see a sky beast.

Vanquished Creatures
  2 adders (D:2)
  An ooze (D:1)
  2 leopard geckos
  2 orcs (D:2)
  A giant cockroach (D:1)
  9 goblins
  2 hobgoblins
  8 jackals
  A quokka (D:2)
  A ball python (D:1)
  4 bats
  3 frilled lizards
  2 kobolds
  4 rats
42 creatures vanquished.

Notes
Turn   | Place    | Note
-------+----------+-------------------------------------------
     0 | D:1      | oldmanjim the Draconian Transmuter began the quest for the
                  | Orb.
     0 | D:1      | Reached XP level 1. HP: 16/16 MP: 3/3
   224 | D:1      | Reached XP level 2. HP: 8/23 MP: 5/5
   876 | D:1      | Reached XP level 3. HP: 28/28 MP: 6/6
  1136 | D:2      | Reached skill level 4 in Unarmed Combat
  1431 | D:2      | Found a snail-covered altar of Cheibriados.
  1754 | D:2      | Reached XP level 4. HP: 12/35 MP: 5/7
  1979 | D:3      | Noticed Sigmund
  1989 | D:3      | Noticed Grinder
  1989 | D:3      | Noticed Natasha
  1989 | D:3      | Noticed a sky beast
  2012 | D:2      | Slain by a sky beast

Illustrated notes

Levels and vault maps discovered:
D:1:      dpeg_arrival_stonehenge_8_columns, layout_loops_ring,
          minmay_misc_feat_tiny
D:2:      layout_rooms, lemuel_round_altar
D:3:      layout_rooms, lemuel_blue_sif_altar, old_standard_altar,
          chequers_temple_overflow_minitemple, chequers_serial_rivers_micro_d,
          kennysheep_okawaru_gauntlet, uniq_ijyb, uniq_grinder, uniq_natasha,
          uniq_sigmund

Skill      XL: |  1  2  3 |
---------------+----------+-----
Unarmed Combat | 4 |  4.4
Fighting       | |  1.1
Throwing       | |  0.2
Dodging        | |  1.7
Spellcasting   | |  2.4
Transmutations | |  2.2

Action                   |  1- 3 |  4- 6 || total
-------------------------+-------+-------++-------
Melee: Unarmed           |   121 |    17 ||   138
       Tailslap          |    10 |     1 ||    11
       Punch             |     2 |       ||     2
       Kick              |     2 |       ||     2
       Headbutt          |       |     1 ||     1
Throw: Dart              |    21 |     2 ||    23
 Cast: Beastly Appendage |     1 |       ||     1
 Stab: Sleeping          |     1 |       ||     1
Armor: Skin              |    35 |     5 ||    40
Dodge: Dodged            |    76 |     7 ||    83
